 Dungeon Crawl Stone Soup version 0.16-b1 (webtiles) character file.

1903 cachaos the Covered (level 8, -10/105 HPs)
             Began as a Minotaur Berserker on Mar 15, 2015.
             Was an Elder of Trog.
             Killed by divine providence
             ... invoked by an orc priest
              (13 damage)
             ... on level 6 of the Dungeon.
             The game lasted 01:06:05 (5373 turns).

cachaos the Covered (Minotaur Berserker)            Turns: 5373, Time: 01:06:05

Health: -10/105    AC: 13    Str: 29    XL:     8   Next: 94%
Magic:  12/12      EV: 10    Int:  4    God:    Trog [****..]
Gold:   166        SH:  6    Dex: 10    Spells: 0 memorised, 7 levels left

rFire  . . .     SeeInvis .     L - +1 falchion (holy)
rCold  . . .     Clarity  .     f - +1 chain mail
rNeg   . . .     SustAb   .     q - +2 buckler
rPois  .         Gourm    .     (helmet restricted)
rElec  .         Spirit   .     (no cloak)
rCorr  .         Warding  .     v - +0 pair of gloves
rMut   .         Stasis   .     (no boots)
MR     .....                    (no amulet)
Stlth  ..........               (no ring)
                                w - ring of magical power

@: berserking, lethally poisoned (-10 -> -12), slowed, not resistant to hostile
enchantments, extremely unstealthy
A: retaliatory headbutt, horns 2
a: Burn Spellbooks, Berserk, Trog's Hand, Brothers in Arms, Renounce Religion


You were on level 6 of the Dungeon.
You worshipped Trog.
Trog was greatly pleased with you.
You were not hungry.

You visited 1 branch of the dungeon, and saw 6 of its levels.

You collected 166 gold pieces.

Inventory:

Hand weapons
 a - a +0 hand axe
 e - a cursed +0 hand axe
 g - a +0 dagger
 j - a +0 hunting sling
 p - a +0 short sword
 s - a +0 hunting sling of velocity
 u - a +1 scythe of slicing
 D - a cursed -3 trident
 G - a +0 giant spiked club
 I - a +2 shortbow of freezing
 J - a +0 war axe
 K - a cursed -3 shortbow
 L - a +1 falchion of holy wrath (weapon)
 N - a +3 great sword
Missiles
 d - 81 stones
 h - 39 arrows
 k - 20 bolts
 m - 10 sling bullets
 x - 12 poisoned bolts
 F - 12 poisoned sling bullets
 M - 2 tomahawks (quivered)
Armour
 b - a +0 animal skin
 f - a +1 chain mail (worn)
 q - a +2 buckler (worn)
 v - a +0 pair of gloves (worn)
 B - a +0 robe
 C - a +0 plate armour
Jewellery
 n - an uncursed amulet of regeneration
 w - a ring of magical power (left hand)
 y - an uncursed amulet of stasis
Magical devices
 z - a wand of slowing (0)
Scrolls
 l - 4 scrolls of remove curse
 E - 3 scrolls of identify
 H - a scroll of teleportation {unknown}
Potions
 c - a potion of restore abilities {unknown}
 i - 4 potions of curing {unknown}
 o - 2 potions of heal wounds {unknown}
 r - a potion of flight {unknown}
 t - a potion of ambrosia {unknown}
 A - a potion of might {unknown}


   Skills:
 + Level 6.1 Fighting
 + Level 0.5 Long Blades
 + Level 6.9 Axes
 + Level 4.8(5.0) Slings
 + Level 1.8(3.3) Throwing
 + Level 7.7 Armour
 + Level 4.1 Dodging
 + Level 0.8 Stealth
 + Level 4.7 Shields


You had 7 spell levels left.
You didn't know any spells.

Dungeon Overview and Level Annotations

Branches:
Dungeon (6/15)             Temple (0/1) D:6

Altars:
Nemelex Xobeh
Yredelemnul

Annotations:
D:6 exclusion: downstairs


Innate Abilities, Weirdness & Mutations

You reflexively headbutt those who attack you in melee.
You have a pair of horns on your head.


Message History

The orc priest calls down the wrath of Beogh upon you.
Something smites you!
* * * LOW HITPOINT WARNING * * *
The orc wizard gestures at you while chanting.
You feel yourself slow down.
You see here a robe.
Use which ability? (? or * to list)
A red film seems to cover your vision as you go berserk!
You feel yourself moving faster!
You feel mighty!
You feel somewhat more hungry. The wight hits you but does no damage.
The orc wizard hits you but does no damage.
You are poisoned.
The wight hits you with a scimitar.
* * * LOW HITPOINT WARNING * * *
You feel a strong urge to attack something.
* * * LOW HITPOINT WARNING * * *
You feel sick.
The orc priest calls down the wrath of Beogh upon you.
Something smites you!
You die...

...###+##+...#.....ยงยง..#...
... .....#..#........# .
......#..#.......#...
.............#...+....
......+.....+...#.....
##...#.....#+###.....#
#...#...............#
...#.....o.........#
#..@ooo.........#
+....z).........+
#(...z..........#
......#+####......... ......
#........ ...... #........
..... +........ .... #.......
. . #......


You could see 2 wights, an orc priest, an orc wizard and 2 orcs.

Vanquished Creatures
  The ghost of Zapata the Cudgeler, an experienced KoBe of Trog (D:4)
  Eustachio (D:6)
  A hippogriff (D:5)
  A hungry ghost (D:6)
  The ghost of Medar the Cutter, an average KoSk (D:3)
  An ogre (D:5)
  2 centaurs (D:5)
  An ice beast (D:6)
  Sigmund (D:3)
  A gnoll sergeant (D:5)
  A scorpion (D:5)
  2 wights (D:6)
  3 crimson imps
  A goliath beetle (D:6)
  2 jellies (D:5)
  A centaur skeleton (D:6)
  4 worker ants
  An orc wizard (D:5)
  A hound zombie (D:5)
  8 gnolls (D:5)
  3 river rats (D:6)
  7 adders
  3 giant mites
  A shadow imp (D:4)
  2 ufetubi (D:6)
  5 giant geckos
  An ooze (D:3)
  15 orcs
  10 bats
  5 giant cockroaches
  13 goblins
  2 hobgoblins
  16 jackals
  11 kobolds
  6 quokkas
  3 ball pythons
  A giant gecko zombie (D:6)
  6 giant newts
  A quokka skeleton (D:4)
  15 rats
161 creatures vanquished.

Notes
Turn   | Place    | Note
--------------------------------------------------------------
     0 | D:1      | cachaos, the Minotaur Berserker, began the quest for the Orb.
     0 | D:1      | Reached XP level 1. HP: 19/19 MP: 1/1
   261 | D:1      | Reached XP level 2. HP: 27/27 MP: 1/1
   278 | D:1      | Reached skill level 4 in Fighting
   641 | D:1      | Acquired Trog's second power
   817 | D:2      | Reached XP level 3. HP: 33/33 MP: 2/2
  1107 | D:2      | Found a basalt altar of Yredelemnul.
  1574 | D:3      | Noticed Sigmund
  1588 | D:3      | Killed Sigmund
  1588 | D:3      | Reached XP level 4. HP: 41/41 MP: 2/2
  1881 | D:3      | Reached XP level 5. HP: 42/47 MP: 2/2
  2155 | D:3      | Found a sparkling altar of Nemelex Xobeh.
  2250 | D:3      | Noticed Medar's ghost (average KoSk)
  2266 | D:3      | Killed Medar's ghost
  2266 | D:3      | Reached skill level 5 in Axes
  2266 | D:3      | Reached XP level 6. HP: 53/53 MP: 3/3
  2654 | D:4      | Reached skill level 1 in Shields
  2697 | D:4      | Found a sparkling altar of Nemelex Xobeh.
  2856 | D:4      | Noticed Zapata's ghost (experienced KoBe)
  2879 | D:4      | Killed Zapata's ghost
  2879 | D:4      | Reached XP level 7. HP: 59/60 MP: 3/3
  3549 | D:4      | Reached skill level 5 in Armour
  3709 | D:5      | Entered Level 5 of the Dungeon
  3777 | D:5      | Reached skill level 5 in Fighting
  3777 | D:5      | Reached skill level 1 in Throwing
  4293 | D:5      | Reached skill level 6 in Armour
  4293 | D:5      | Reached XP level 8. HP: 55/68 MP: 3/3
  4731 | D:5      | Acquired Trog's third power
  4953 | D:5      | Reached skill level 7 in Armour
  4973 | D:6      | Noticed Eustachio
  5022 | D:6      | Killed Eustachio
  5317 | D:6      | Found a staircase to the Ecumenical Temple.
  5372 | D:6      | HP: 3/105 [wight/scimitar (3)]
  5373 | D:6      | Killed from afar by an orc priest

Action                   |  1- 3 |  4- 6 |  7- 9 || total
-------------------------+-------+-------+-------++-------
Melee: Hand axe          |    70 |   112 |    85 ||   267
       War axe           |       |       |    75 ||    75
       Falchion          |       |       |    33 ||    33
 Fire: Hunting sling     |    45 |       |    12 ||    57
Throw: Tomahawk          |       |     5 |    11 ||    16
Invok: Berserk           |     1 |     2 |     2 ||     5
       Trog's Hand       |     1 |     2 |     1 ||     4
  Use: Scroll            |     8 |       |       ||     8
  Eat: Meat ration       |     1 |       |       ||     1
       Bread ration      |       |     1 |     2 ||     3
       Chunk             |       |       |     2 ||     2
